 Dungeon Crawl Stone Soup version 0.18.1-6-gd335043 (webtiles) character file.

8621 lightmor the Severer (level 11, -1/94 HPs)
             Began as a Minotaur Berserker on May 17, 2016.
             Was a High Priest of Trog.
             Slain by a nine-headed hydra (14 damage)
             ... on level 1 of the Lair of Beasts.
             The game lasted 00:14:52 (10485 turns).

lightmor the Severer (Minotaur Berserker)          Turns: 10485, Time: 00:14:53

Health: -1/94      AC:  7    Str: 25    XL:     11   Next: 12%
Magic:  0/10       EV: 14    Int:  4    God:    Trog [*****.]
Gold:   576        SH:  0    Dex: 10    Spells: 0 memorised, 10 levels left

rFire  + . .     SeeInvis +     E - +0 war axe
rCold  + . .     Gourm    .     Q - +0 leather armour {rC+}
rNeg   . . .     Faith    .     (no shield)
rPois  .         Spirit   +     y - +0 hat {MR+}
rElec  .         Dismiss  .     (no cloak)
rCorr  .         Reflect  .     n - +1 pair of gloves
SustAt .         Harm     .     i - +0 pair of boots
MR     +++..                    C - amulet of guardian spirit
Stlth  +.........               K - ring of see invisible
                                L - ring of protection from fire

@: about to teleport, very slightly contaminated, regenerating, extremely
resistant to hostile enchantments, very unstealthy
A: retaliatory headbutt, horns 2
a: Berserk, Trog's Hand, Brothers in Arms, Burn Spellbooks, Renounce Religion


You were on level 1 of the Lair of Beasts.
You worshipped Trog.
Trog was extremely pleased with you.
You were hungry.

You visited 2 branches of the dungeon, and saw 10 of its levels.
You also visited: Ossuary.

You collected 576 gold pieces.

Inventory:

Hand Weapons
 E - a +0 war axe (weapon)
Armour
 i - a +0 pair of boots (worn)
 n - a +1 pair of gloves (worn)
 y - a +0 hat of magic resistance (worn)
 Q - a +0 leather armour of cold resistance (worn)
Jewellery
 e - an uncursed ring of positive energy
 w - an uncursed ring of protection from cold
 z - an uncursed ring of flight
 C - an amulet of guardian spirit (around neck)
 K - a ring of see invisible (right hand)
 L - a ring of protection from fire (left hand)
Wands
 l - a wand of iceblast (13/15)
 t - a wand of random effects (27/48)
 v - a wand of polymorph (11/24)
 x - a wand of confusion (25/48)
 H - a wand of confusion (25/48)
 J - a wand of flame (20/48)
 P - a wand of acid (8/15)
Scrolls
 f - 2 scrolls of enchant armour
 g - 5 scrolls of amnesia
 j - 4 scrolls of teleportation
 u - 7 scrolls of remove curse
 B - a scroll of enchant weapon
 N - 2 scrolls of fear
Potions
 b - a potion of degeneration {unknown}
 h - 4 potions of might
 o - 2 potions of resistance {unknown}
 p - 3 potions of ambrosia
 q - 3 potions of curing
 r - 3 potions of heal wounds
 s - 3 potions of flight
 A - a potion of agility {unknown}
 D - a potion of beneficial mutation {unknown}
 G - a potion of cure mutation {unknown}
 I - a potion of haste {unknown}
 M - a potion of invisibility {unknown}
 O - 2 potions of lignification {unknown}
Books
 a - a book of Transfigurations

   Spells                             Type                      Level
   a - Irradiate                      Conjuration/Transmutation    5
   b - Statue Form                    Transmutation/Earth          6
   c - Hydra Form                     Transmutation                6
   d - Dragon Form                    Transmutation                7
   Trog disapproves of the use of such an item.
 S - a book of the Sky

   Spells                             Type                      Level
   a - Summon Lightning Spire         Summoning/Air                4
   b - Airstrike                      Air                          4
   c - Silence                        Hexes/Air                    5
   d - Deflect Missiles               Charms/Air                   6
   e - Conjure Ball Lightning         Conjuration/Air              6
   f - Tornado                        Air                          9
   Trog disapproves of the use of such an item.
Comestibles
 c - 11 bread rations
 d - 9 beef jerkies
 m - 2 fruits
 F - a meat ration


   Skills:
 + Level 8.0 Fighting
 - Level 16.0 Axes
 + Level 7.3 Armour
 + Level 6.9 Dodging


You had 10 spell levels left.
You didn't know any spells.

Dungeon Overview and Level Annotations

Branches:
Dungeon (9/15)             Temple (0/1) D:5            Lair (1/8) D:9
    Orc: D:9-12

Altars:
Ashenzari
Cheibriados
Dithmenos
Gozag
Makhleb
Qazlal
Sif Muna
Trog
Vehumet
Xom
Yredelemnul

Shops:
D:7 %


Innate Abilities, Weirdness & Mutations

You reflexively headbutt those who attack you in melee.
You have a pair of horns on your head.


Message History

The crocodile is heavily wounded.
The crocodile barely misses you.
You slash the crocodile!
The crocodile is almost dead.
The crocodile barely misses you.
Read which item? (? for menu, Esc to quit)
As you read the scroll of teleportation, it crumbles to dust.
You feel strangely unstable. The crocodile bites you!
* * * LOW HITPOINT WARNING * * *
Drink which item? (? for menu, Esc to quit)
You feel much better. The crocodile completely misses you.
The nine-headed hydra bites you!
* * * LOW HITPOINT WARNING * * *
The nine-headed hydra closely misses you.
The nine-headed hydra barely misses you.
The nine-headed hydra bites you!
* * * LOW HITPOINT WARNING * * *
The nine-headed hydra barely misses you.
The nine-headed hydra bites you!
You die...

### ######P###### ##
##..≈≈..D@tH.#
.#######..♣♣≈≈r♣♣♣..#
...........♣♣≈.♣ ....
..........♣♣≈≈♣♣ ....
.........♣♣.≈♣♣ ...
..........♣♣≈≈.♣ ..
#.###.##...♣♣≈≈...♣ #
### ###P..♣♣ .≈≈♣♣♣
##...♣ .≈≈♣


You could see a nine-headed hydra, a hippogriff, a crocodile and a river rat.

Vanquished Creatures
  A hill giant (D:8)
  An ugly thing (D:9)
  2 komodo dragons (Lair:1)
  3 blink frogs (Lair:1)
  2 wraiths (Ossuary)
  A wyvern (D:8)
  A basilisk (Lair:1)
  A hungry ghost (D:8)
  Eustachio (D:6)
  A hippogriff (D:8)
  2 steam dragons
  Menkaure (D:6)
  A water moccasin (D:7)
  4 porcupines (Lair:1)
  2 phantoms
  5 sky beasts
  An ice beast (D:8)
  A black bear (D:9)
  2 orc warriors (D:7)
  A necrophage (D:8)
  9 ogres
  4 centaurs
  The ghost of Yehuk the Covered, an amateur GrFi (D:4)
  A crocodile (Lair:1)
  7 giant frogs
  A water moccasin zombie (D:7)
  2 scorpions
  11 killer bees
  5 wights
  4 howler monkeys
  2 crimson imps (D:9)
  A jelly (D:7)
  2 centaur zombies
  3 hounds
  3 orc priests
  8 orc wizards
  3 iguanas
  4 worker ants
  A killer bee zombie (D:8)
  A hound zombie (D:5)
  A howler monkey zombie (D:5)
  A mummy (D:4)
  A howler monkey skeleton (D:4)
  13 adders
  10 river rats (Lair:1)
  An adder zombie (Ossuary)
  An adder skeleton (D:5)
  A worm (D:3)
  2 dart slugs (D:1)
  4 giant geckos
  27 orcs
  4 giant cockroaches
  9 goblins
  9 hobgoblins
  17 jackals
  10 kobolds
  6 quokkas
  2 ball python skeletons (Ossuary)
  6 bats
  7 giant newts
  2 hobgoblin zombies (Ossuary)
  A jackal skeleton (D:4)
  3 kobold zombies
  2 orc skeletons (Ossuary)
  An orc zombie (Ossuary)
  A quokka skeleton (D:6)
  A quokka zombie (D:5)
  2 rats (D:1)
252 creatures vanquished.

Notes
Turn   | Place    | Note
--------------------------------------------------------------
     0 | D:1      | lightmor the Minotaur Berserker began the quest for the Orb.
     0 | D:1      | Reached XP level 1. HP: 19/19 MP: 0/0
    94 | D:1      | Reached skill level 4 in Axes
   228 | D:1      | Reached XP level 2. HP: 26/26 MP: 1/1
  1013 | D:1      | Reached skill level 5 in Axes
  1077 | D:1      | Reached ** piety under Trog
  1245 | D:2      | Reached XP level 3. HP: 30/31 MP: 2/2
  1633 | D:2      | Reached skill level 6 in Axes
  1633 | D:2      | Reached XP level 4. HP: 29/39 MP: 3/3
  2207 | D:3      | Reached XP level 5. HP: 45/45 MP: 4/4
  2214 | D:3      | Reached skill level 7 in Axes
  2274 | D:3      | Reached *** piety under Trog
  2486 | D:3      | Reached skill level 8 in Axes
  2745 | D:3      | Reached XP level 6. HP: 35/51 MP: 5/5
  3270 | D:4      | Noticed Yehuk's ghost (amateur GrFi)
  3276 | D:4      | Killed Yehuk's ghost
  3276 | D:4      | Reached skill level 9 in Axes
  3406 | D:4      | Found a sand-covered staircase.
  3416 | Ossuary  | Entered an ossuary
  3508 | Ossuary  | Noticed a flying skull
  3508 | Ossuary  | Noticed a wraith
  3519 | Ossuary  | Noticed a flying skull
  3542 | Ossuary  | Noticed a flying skull
  3551 | Ossuary  | Noticed a flying skull
  3682 | Ossuary  | Reached XP level 7. HP: 57/57 MP: 6/6
  3696 | Ossuary  | Noticed a wraith
  3709 | Ossuary  | Killed a wraith
  3709 | Ossuary  | Reached skill level 10 in Axes
  3753 | Ossuary  | Noticed a wraith
  3764 | Ossuary  | Killed a wraith
  3917 | D:4      | Reached skill level 11 in Axes
  4221 | D:5      | Entered Level 5 of the Dungeon
  4280 | D:5      | Found a shimmering altar of Xom.
  4288 | D:5      | Found a bloodstained altar of Trog.
  4311 | D:5      | Found a staircase to the Ecumenical Temple.
  4339 | D:5      | Reached XP level 8. HP: 64/64 MP: 7/7
  4368 | D:5      | Reached skill level 12 in Axes
  4892 | D:5      | Reached skill level 13 in Axes
  5377 | D:6      | Noticed Menkaure
  5386 | D:6      | Killed Menkaure
  5534 | D:6      | Reached XP level 9. HP: 70/70 MP: 8/8
  5604 | D:6      | Noticed Eustachio
  5612 | D:6      | Killed Eustachio
  5612 | D:6      | Reached **** piety under Trog
  5612 | D:6      | Reached skill level 14 in Axes
  6078 | D:6      | You fall through a shaft for 3 floors!
  6088 | D:8      | Noticed a hill giant
  6100 | D:8      | Killed a hill giant
  6100 | D:8      | Reached skill level 15 in Axes
  6190 | D:8      | Reached skill level 16 in Axes
  6391 | D:8      | Found a radiant altar of Vehumet.
  6533 | D:7      | Found a shattered altar of Ashenzari.
  6650 | D:7      | Found Teabug's Food Boutique.
  6674 | D:7      | Found a shadowy altar of Dithmenos.
  6689 | D:7      | Reached XP level 10. HP: 59/78 MP: 5/9
  6885 | D:7      | Found a burning altar of Makhleb.
  6895 | D:7      | Found a stormy altar of Qazlal.
  7518 | D:8      | Reached skill level 5 in Fighting
  7596 | D:8      | Found a snail-covered altar of Cheibriados.
  8019 | D:8      | Found a deep blue altar of Sif Muna.
  8106 | D:8      | Found an opulent altar of Gozag.
  8228 | D:9      | Noticed a brown ugly thing
  8239 | D:9      | Killed a brown ugly thing
  8239 | D:9      | Reached skill level 5 in Armour
  8239 | D:9      | Reached skill level 5 in Dodging
  8621 | D:9      | Found a basalt altar of Yredelemnul.
  8700 | D:9      | Found a staircase to the Lair.
  8714 | D:9      | Reached ***** piety under Trog
  9376 | D:9      | Found a bloodstained altar of Trog.
  9553 | Lair:1   | Entered Level 1 of the Lair of Beasts
  9994 | Lair:1   | Reached XP level 11. HP: 92/92 MP: 10/10
 10109 | Lair:1   | Received a gift from Trog
 10472 | Lair:1   | Noticed an eight-headed hydra
 10485 | Lair:1   | Slain by a nine-headed hydra

Skill      XL: |  1  2  3  4  5  6  7  8  9 10 11 |
---------------+----------------------------------+-----
Axes           | 4 5 6 8 9 11 13 16 | 16.0
Fighting       | 4 7 8 |  8.0
Armour         | 3 6 7 |  7.3
Dodging        | 6 |  6.9

Action                   |  1- 3 |  4- 6 |  7- 9 | 10-12 || total
-------------------------+-------+-------+-------+-------++-------
Melee: Hand axe          |    81 |   143 |   126 |       ||   350
       Headbutt          |    10 |    33 |    40 |    44 ||   127
       War axe           |       |       |    96 |   257 ||   353
Invok: Berserk           |       |     2 |     9 |     3 ||    14
       Burn Spellbooks   |       |     1 |       |     1 ||     2
       Trog's Hand       |       |       |     5 |     2 ||     7
       Brothers in Arms  |       |       |       |     1 ||     1
  Use: Scroll            |     1 |     8 |     1 |     7 ||    17
       Potion            |       |       |       |     1 ||     1
 Stab: Sleeping          |     1 |     1 |     2 |       ||     4
  Eat: Chunk             |     2 |     9 |    14 |    16 ||    41
       Beef jerky        |       |       |     2 |       ||     2
       Meat ration       |       |       |     1 |       ||     1
Armor: Animal skin       |    20 |    41 |    39 |    18 ||   118
       Leather armour    |       |       |       |    17 ||    17
Dodge: Dodged            |    46 |    79 |   131 |   144 ||   400
